 Dungeon Crawl Stone Soup version 0.31.0-4-g52a2dc7128 (webtiles) character file.

Game seed: 11117286479090921572

11788 octoduck the Geomancer (level 11, -4/72 HPs)
             Began as a Gargoyle Earth Elementalist on Jan 21, 2024.
             Was a Believer of Vehumet.
             Slain by a merfolk
             ... wielding a +0 trident
              (23 damage)
             ... on level 2 of the Lair of Beasts.
             The game lasted 00:46:15 (16009 turns).

octoduck the Geomancer (GrEE)                      Turns: 16009, Time: 00:46:16

Health: -4/72      AC: 20    Str: 12    XL:     11   Next: 83%
Magic:  8/26       EV: 11    Int: 25    God:    Vehumet [**....]
Gold:   395        SH:  4    Dex: 10    Spells: 2/18 levels left

rFire   . . .        e - +4 mace "Uruaqiaf" {chaos, ^Drain rElec Int+5}
rCold   + + .        n - +0 buckler
rNeg    + . .        U - +2 robe {rC+}
rPois   ∞            a - +2 helmet
rElec   +            p - +0 cloak
rCorr   .            f - +2 pair of gloves {hurl}
SInv    .            u - +0 pair of boots
Will    .....        w - amulet of regeneration
Stlth   +++          t - ring of flight
HPRegen 1.12/turn    S - ring "Anucum" {rC+ MP+9 Stlth+}
MPRegen 0.20/turn

%: no passive effects
@: flying, studying Polearms
A: sickness immunity, AC +8, negative energy resistance 1, electricity
resistance, torment resistance 1, petrification resistance
a: Renounce Religion


You were on level 2 of the Lair of Beasts.
You worshipped Vehumet.
Vehumet was pleased with you.
You visited 3 branches of the dungeon, and saw 14 of its levels.
You also visited: Sewer.

You collected 791 gold pieces.
You spent 396 gold pieces at shops.

Inventory:

Hand Weapons
 e - the +4 mace "Uruaqiaf" (weapon) {chaos, ^Drain rElec Int+5}
   (You found it on level 7 of the Dungeon)

   Int+5:     It affects your intelligence (+5).
   rElec:     It insulates you from electricity.
   ^Drain:    It drains your maximum health when unequipped.
 h - a +2 whip of electrocution
 l - a +1 short sword of flaming
Missiles
 b - 46 poisoned darts
 M - 4 datura-tipped darts
 R - a curare-tipped dart
Armour
 a - a +2 helmet (worn)
 f - a +2 pair of gloves of hurling (worn)
 n - a +0 buckler (worn)
 p - a +0 cloak (worn)
 u - a +0 pair of boots (worn)
 U - a +2 robe of cold resistance (worn)
Jewellery
 j - a ring of fire
 t - a ring of flight (left hand)
 w - an amulet of regeneration (around neck)
 N - an amulet of reflection
 S - the ring "Anucum" (right hand) {rC+ MP+9 Stlth+}
   (You took it off a wight on level 10 of the Dungeon)

   [ring of magical power]

   rC+:       It protects you from cold.
   MP+9:      It affects your magic capacity (+9).
   Stlth+:    It makes you more stealthy.
 T - a ring of ice
Wands
 i - a wand of paralysis (7)
 K - a wand of flame (8)
 P - a wand of light (6)
Scrolls
 g - 2 scrolls of immolation
 q - 2 scrolls of enchant armour
 r - a scroll of brand weapon
 s - 2 scrolls of amnesia
 x - 3 scrolls of vulnerability
 y - 2 scrolls of enchant weapon {unknown}
 D - 2 scrolls of fear
 E - 2 scrolls of blinking
 G - a scroll of revelation
 H - a scroll of torment
 I - 9 scrolls of teleportation
 L - a scroll of fog {unknown}
 O - 4 scrolls of poison {unknown}
 Q - 2 scrolls of silence {unknown}
Potions
 c - a potion of ambrosia {unknown}
 d - 7 potions of brilliance
 k - 3 potions of mutation
 m - a potion of curing
 o - 4 potions of heal wounds
 v - 2 potions of cancellation
 z - a potion of berserk rage {unknown}
 A - 2 potions of attraction
 B - 2 potions of enlightenment
 C - 5 potions of haste
 F - 2 potions of lignification {unknown}
 J - a potion of magic


   Skills:
 + Level 9.7 Fighting
 - Level 1.5 Dodging
 - Level 4.1 Stealth
 - Level 4.1 Shields
 - Level 4.2 Spellcasting
 - Level 10.0 Conjurations
 * Level 6.7 Necromancy
 - Level 11.0 Earth Magic


You had 2 spell levels left.
You knew the following spells:

 Your Spells              Type           Power      Damage    Failure   Level
a - Sandblast             Erth           100%       2d20      1%          1
b - Stone Arrow           Conj/Erth      100%       3d13      1%          3
c - Passwall              Erth           57%        N/A       1%          3
d - Brom's Barrelling Bo  Conj/Erth      55%        2d7       1%          4
e - Borgnjor's Vile Clut  Necr/Erth      24%        N/A       9%          5

Your spell library contained the following spells:

 Spells                   Type           Power      Damage    Failure   Level
 Foxfire                  Conj/Fire      100%       2x1d9     1%          1
 Sting                    Conj/Alch      100%       1d9       1%          1
 Mercury Vapours          Alch/Air       10%        N/A       19%         2
 Petrify                  Alch/Erth      32%        N/A       12%         4
 Iskenderun's Mystic Bla  Conj/Tloc      30%        2d8       16%         4
 Tukima's Dance           Hex            5%         N/A       36%         3
 Irradiate                Conj/Alch      15%        3d16      38%         5
 Dimensional Bullseye     Hex/Tloc       2%         N/A       77%         4
 Olgreb's Toxic Radiance  Alch           5%         N/A       77%         4
 Alistair's Intoxication  Alch           3%         N/A       98%         5
 Eringya's Noxious Bog    Alch           2%         4d6       100%        6
 Sublimation of Blood     Necr           Unusable   N/A       N/A         2

Dungeon Overview and Level Annotations

Branches:
Dungeon (11/15)            Temple (1/1) D:6            Lair (2/5) D:9
 Shoals (0/4) Lair:2        Sewer (visited)
  Snake: Lair:2-3    Spider: Lair:2-3       Orc: D:9-12

Altars:
Ashenzari
Cheibriados
Dithmenos
Elyvilon
Fedhas
Gozag
Hepliaklqana
Kikubaaqudgha
Makhleb
Nemelex Xobeh
Okawaru
Qazlal
Ru
Sif Muna
Trog
Uskayaw
Vehumet
Wu Jian
Xom
Yredelemnul
Zin
The Shining One

Shops:
D:4 !*

Annotations:
D:8 Amaemon
D:9 3 runed translucent doors, groovy9's ghost, journeyman HOFi


Innate Abilities, Weirdness & Mutations

You are immune to sickness and miasma.
Your stone body is resilient. (AC +8)
You are immune to poison.
You resist negative energy. (rN+)
You are resistant to electric shocks. (rElec)
You are resistant to unholy torment.
You are immune to petrification.


Message History

You barely miss the merfolk.
The merfolk is severely wounded.
You block the merfolk's attack.
You hit the merfolk.
The merfolk is severely wounded.
The merfolk hits you but does no damage.
The merfolk hits you with a +0 trident.
You closely miss the merfolk.
The merfolk is severely wounded.
The merfolk hits you with a +0 trident.
You hit the merfolk. You freeze the merfolk.
The merfolk is almost dead.
The merfolk hits you with a +0 trident.
You hit the merfolk.
The merfolk is almost dead.
The merfolk misses you.
The merfolk hits you but does no damage.
You closely miss the merfolk.
The merfolk is almost dead.
The merfolk hits you with a +0 trident.
You hit the merfolk.
The merfolk flies into a frenzy!
The merfolk is almost dead.
The merfolk hits you with a +0 trident! x2
* * * LOW HITPOINT WARNING * * *
The merfolk hits you but does no damage.
Casting: Stone Arrow (safe; 1% risk of failure)
Confirm with . or Enter, or press ? or * to list all spells.
Okay, then.
Press: ? - help, v - describe, . - travel, g - get item
Here: a merfolk, wielding a +0 trident (almost dead, fast, strong, frenzied and wild)
Items here: a +0 trident; a merfolk corpse.
The floor, spattered with blood.
Unknown command.
Okay, then.
Unknown command.
The merfolk hits you but does no damage.
The merfolk barely misses you.
You see here the +2 leather armour of Twilight {rPois Dex+5}.
The merfolk hits you from afar with a +0 trident!!
You die...

#...#.##.#.....#..##. ##
P.###..##.#)...##.## #
#.P#.....#.)..#.#...####
........##)..........P#
# #......#.(............
P.#...........#.#.......
#.......m.#...##.####.##
.......[..#...# ## ##.##
#.#....@.P#...# P###P...
#.#..#.##............. #
#...#.#.............
..... ...............
.....[ ...............
........ ...............
....... .....#..+#####
#..P.## #...###.####.
.#.....##


You could see a neutral merfolk (fast, strong, frenzied).

Vanquished Creatures
  Fannar (D:10)
  A two-headed ogre (D:9)
  A catoblepas (Lair:1)
  Nergalle (D:10)
  An ugly thing (D:11)
  A black mamba (Lair:1)
  3 cane toads (Lair:1)
  3 trolls
  3 merfolk (Lair:2)
  2 hornets
  A vampire (D:10)
  2 wraiths (D:10)
  A shadow (D:10)
  Grum (D:10)
  A human (D:9)
  Eustachio (D:4)
  5 yaks
  A steam dragon (D:7)
  6 water moccasins
  4 ice beasts
  2 sky beasts
  A black bear (D:9)
  An ogre (D:7)
  2 wolves (D:9)
  4 centaurs
  2 phantoms (D:5)
  4 kobold brigands
  Blork the orc (D:6)
  4 bullfrogs
  4 scorpions
  8 wights
  3 howler monkeys
  4 hounds
  4 orc priests
  A bombardier beetle (D:6)
  2 jellies
  Ijyb (D:3)
  7 orc wizards
  3 sleepcaps
  Natasha (twice) (D:2)
  9 gnolls
  8 adders
  6 river rats
  A shadow imp (D:7)
  6 white imps
  2 ufetubi (D:6)
  4 dart slugs
  31 orcs
  9 ball pythons
  4 bats
  10 endoplasms
  A giant cockroach (D:1)
  5 goblins
  8 hobgoblins
  11 jackals
  4 quokkas
  A frilled lizard (D:1)
  34 kobolds
  34 rats
288 creatures vanquished.

Vanquished Creatures (collateral kills)
  An orc (D:7)
  5 boulders
6 creatures vanquished.

Vanquished Creatures (others)
  An orc wizard (D:7)
  8 boulders
9 creatures vanquished.

Grand Total: 303 creatures vanquished

Notes
Turn   | Place    | Note
-------+----------+-------------------------------------------
     0 | D:1      | octoduck the Gargoyle Earth Elementalist began the quest
                  | for the Orb.
     0 | D:1      | Reached XP level 1. HP: 10/10 MP: 3/3
   192 | D:1      | Reached skill level 4 in Earth Magic
   294 | D:1      | Reached XP level 2. HP: 15/15 MP: 1/5
   835 | D:1      | Reached XP level 3. HP: 19/19 MP: 4/6
  1041 | D:2      | Reached skill level 5 in Earth Magic
  1123 | D:2      | You fall into a shaft and drop 1 floor!
  1186 | D:3      | Reached XP level 4. HP: 24/24 MP: 2/7
  1281 | D:3      | Found a glowing drain.
  1328 | Sewer    | Entered a sewer
  1601 | Sewer    | Reached XP level 5. HP: 28/28 MP: 1/8
  1963 | Sewer    | Noticed a kobold brigand
  1978 | Sewer    | Killed a kobold brigand
  1979 | Sewer    | Reached skill level 6 in Earth Magic
  2111 | Sewer    | Reached XP level 6. HP: 32/32 MP: 5/9
  2759 | D:2      | Noticed Natasha
  2778 | D:2      | Killed Natasha
  2842 | D:2      | Noticed Natasha
  2845 | D:2      | Killed Natasha
  3324 | D:3      | Noticed Ijyb
  3327 | D:3      | Paralysed by Ijyb for 4 turns
  3342 | D:3      | Killed Ijyb
  3440 | D:3      | Learned a level 3 spell: Stone Arrow
  3726 | D:3      | Reached skill level 7 in Earth Magic
  4109 | D:3      | Reached XP level 7. HP: 33/36 MP: 3/10
  4589 | D:4      | Found Moshe's Overcharged Wands.
  4665 | D:4      | Found Laani's Distillery.
  4674 | D:4      | Reached skill level 1 in Fighting
  4807 | D:4      | Bought a potion of attraction for 33 gold pieces
  4807 | D:4      | Bought a potion of enlightenment for 55 gold pieces
  4823 | D:4      | Noticed Eustachio
  4942 | D:5      | Entered Level 5 of the Dungeon
  5138 | D:4      | Found a bloodstained altar of Trog.
  5226 | D:5      | Reached skill level 5 in Conjurations
  5228 | D:5      | Reached skill level 8 in Earth Magic
  5300 | D:5      | Reached XP level 8. HP: 45/45 MP: 2/11
  6329 | D:6      | Noticed Blork the orc
  6428 | D:6      | Learned a level 3 spell: Passwall
  6530 | D:6      | Reached skill level 1 in Shields
  6530 | D:6      | Reached skill level 9 in Earth Magic
  7035 | D:6      | Found a stormy altar of Qazlal.
  7279 | D:6      | Found a staircase to the Ecumenical Temple.
  7285 | Temple   | Entered the Ecumenical Temple
  7299 | Temple   | Became a worshipper of Vehumet
  7631 | D:6      | Killed Blork the orc
  7682 | D:7      | Reached XP level 9. HP: 50/50 MP: 8/12
  7808 | D:7      | Identified the +4 mace "Uruaqiaf" {chaos, ^Drain rElec
                  | Int+5}
  7815 | D:7      | Found a hazy altar of Hepliaklqana.
  7920 | D:7      | Learned a level 4 spell: Brom's Barrelling Boulder
  8079 | D:7      | Found a shimmering blue altar of Sif Muna.
  8431 | D:7      | Found a glowing silver altar of Zin.
  8671 | D:7      | Found a blossoming altar of Fedhas.
  8752 | D:7      | Found a shadowy altar of Dithmenos.
  8973 | D:8      | Noticed Amaemon
  9191 | D:8      | Reached skill level 10 in Earth Magic
 10171 | D:9      | Reached skill level 5 in Fighting
 10174 | D:9      | Noticed a two-headed ogre
 10224 | D:9      | Noticed a hornet
 10278 | D:8      | Killed a hornet
 10462 | D:9      | Reached XP level 10. HP: 47/60 MP: 7/13
 10548 | D:9      | Reached * piety under Vehumet
 10548 | D:9      | Offered knowledge of Kiss of Death by Vehumet.
 10606 | D:9      | Reached skill level 11 in Earth Magic
 10705 | D:9      | Reached skill level 1 in Necromancy
 10756 | D:9      | Found a staircase to the Lair.
 10946 | D:4      | Bought 2 potions of heal wounds for 110 gold pieces
 10972 | D:4      | Killed Eustachio
 11050 | D:4      | Bought a potion of magic for 88 gold pieces
 11050 | D:4      | Bought a potion of haste for 110 gold pieces
 11360 | D:9      | Killed a two-headed ogre
 11592 | D:9      | Found a runed translucent door.
 11595 | D:9      | Found a basalt altar of Yredelemnul.
 11629 | D:9      | Found a runed translucent gate.
 11631 | D:9      | Found a runed translucent gate.
 11631 | D:9      | Found a runed translucent gate.
 11637 | D:9      | Noticed groovy9's ghost (journeyman HOFi)
 11761 | D:9      | Noticed a kobold demonologist
 11761 | D:9      | Noticed a kobold demonologist
 11761 | D:9      | Noticed a kobold demonologist
 12220 | D:9      | Found a white marble altar of Elyvilon.
 12221 | D:9      | Found a sparkling altar of Nemelex Xobeh.
 12333 | D:10     | Entered Level 10 of the Dungeon
 12333 | D:10     | Noticed Fannar
 12563 | D:10     | Noticed Grum
 12637 | Lair:1   | Entered Level 1 of the Lair of Beasts
 12637 | Lair:1   | Noticed a black mamba
 12644 | Lair:1   | Killed a black mamba
 12893 | Lair:1   | Noticed a cane toad
 12898 | Lair:1   | Killed a cane toad
 12898 | Lair:1   | Noticed a cane toad
 12917 | Lair:1   | Killed a cane toad
 12918 | Lair:1   | Reached skill level 10 in Conjurations
 12918 | Lair:1   | Reached XP level 11. HP: 51/68 MP: 1/17
 13070 | Lair:1   | Noticed a catoblepas
 13294 | D:10     | Learned a level 5 spell: Borgnjor's Vile Clutch
 13350 | D:10     | Noticed Nergalle
 13361 | D:10     | Killed Nergalle
 13471 | D:10     | Killed Grum
 13625 | D:10     | Identified the ring "Anucum" {rC+ MP+9 Stlth+}
 13654 | D:10     | Reached ** piety under Vehumet
 14002 | D:10     | Offered knowledge of Foxfire by Vehumet.
 14214 | D:10     | Killed Fannar
 14215 | D:10     | Reached skill level 5 in Necromancy
 14636 | D:11     | Noticed a brown ugly thing
 14645 | D:11     | Killed a brown ugly thing
 14756 | Lair:1   | Killed a catoblepas
 15972 | Lair:2   | Found a staircase to the Shoals.
 16008 | Lair:2   | Identified the +2 leather armour of Twilight {rPois Dex+5}
 16009 | Lair:2   | Slain by a merfolk

Illustrated notes

Levels and vault maps discovered:
D:1:      lightli_arrival_maybe_door_vault, layout_basic
D:2:      layout_loops_ring, uniq_natasha
D:3:      layout_basic, portal_sewer_entry_b, uniq_ijyb
D:4:      layout_rooms, mainiacjoe_overflow_brackets, serial_shops, shop,
          nicolae_shop_overcharged_wands, uniq_eustachio
D:5:      layout_gridville
D:6:      layout_loops_corners, nicolae_qazlal_scattered_showers,
          minmay_temple_entry_enclosed_plants, uniq_blork_the_orc
D:7:      layout_basic, mainiacjoe_overflow_catwalk,
          fedhas_bush_and_centaur_altar, nicolae_dithmenos_shadow_blocks,
          nicolae_sif_muna_little_library, nicolae_overflow_hidden_temple,
          mrwooster_statue_mirror, roderic_malta_cross, minmay_misc_feat_tower
D:8:      layout_gridville, uniq_amaemon
D:9:      layout_basic, dk_yredelemnul_ordeal, gammafunk_temple_overflow_wave,
          due_lair_maze_entry_diamond, gammafunk_ghost_spectres
D:10:     layout_cave_pools, uniq_fannar, uniq_grum, uniq_nergalle
D:11:     layout_irregular_city, hex_medium
Temple:   chequers_temple_sunken
Lair:1:   layout_gridlike
Lair:2:   layout_regular_city, elwin_shoals_entry_stream

Skill      XL: |  1  2  3  4  5  6  7  8  9 10 11 |
---------------+----------------------------------+-----
Earth Magic    | 4 5 6 7 8 9 10 11 | 11.0
Conjurations   | 2 3 5 6 8 10 | 10.0
Stealth        | 3 4 |  4.1
Fighting       | 2 3 5 7 9 |  9.7
Shields        | 3 4 |  4.1
Necromancy     | 3 6 |  6.7
Spellcasting   | 4 |  4.2
Dodging        | |  1.5

Action                     |  1- 3 |  4- 6 |  7- 9 | 10-12 || total
---------------------------+-------+-------+-------+-------++-------
  Melee: Whip              |     5 |    47 |    12 |       ||    64
         Mace              |       |       |     8 |    16 ||    24
  Throw: Dart              |       |       |       |     2 ||     2
   Cast: Sandblast         |    41 |   128 |   127 |   114 ||   410
         Stone Arrow       |       |     4 |    53 |    36 ||    93
         Passwall          |       |       |     2 |       ||     2
         Brom's Barrelling |       |       |     7 |    13 ||    20
         Borgnjor's Vile C |       |       |       |     9 ||     9
  Evoke: Wand              |       |     1 |       |     1 ||     2
    Use: Potion            |       |     1 |     1 |       ||     2
         Scroll            |       |     5 |     8 |     3 ||    16
 Armour: Robe              |    10 |    69 |    80 |    93 ||   252
  Dodge: Dodged            |     6 |    72 |    47 |    48 ||   173
  Block: Buckler           |       |       |     5 |    23 ||    28
